AoeStats
← Iamak3186

Arabia

504199903Analyzed
1v1 RM · 29d ago on Sep 4, 2026· 43m 30s· 2 players
Game mode
Random Map
Map size
Tiny (2 player)
Population
200
Speed
Normal
Resources
Standard
Victory
Conquest
Starting age
Dark Age
Ending age
Imperial Age
RankedLock teamsTeams togetherTeam positionsShared explorationLock speedFull tech treeHidden civsTurbo modeCheats
Victory
Defeat
🇹🇷 Ethiopians · Türkiye
1342
+14
🇮🇳 Mongols · India
1292
-14
Iamak3186
5:14 Loom
7:56 Feudal Age
9:17 Double-Bit Axe
21:28 Castle Age
19:16 Horse Collar
20:12 Padded Archer Armor
20:02 Fletching
22:40 Bloodlines
23:49 Bow Saw
23:30 Elite Skirmisher
26:47 Leather Archer Armor
32:37 Wheelbarrow
32:28 Gold Mining
32:31 Stone Mining
33:18 Bodkin Arrow
35:05 Light Cavalry
35:46 Husbandry
38:47 Imperial Age
36:04 Town Watch
36:29 Heavy Plow
36:55 Scale Barding Armor
38:03 Chain Barding Armor
39:12 Forging
40:24 Ballistics
43:20 Chemistry
ercument1313
6:38 Loom
9:18 Feudal Age
9:21 Man-at-Arms
9:52 Double-Bit Axe
15:06 Fletching
18:36 Town Watch
21:52 Castle Age
20:52 Horse Collar
21:04 Gold Mining
21:56 Crossbowman
22:33 Bodkin Arrow
22:50 Bow Saw
23:44 Padded Archer Armor
24:14 Ballistics
25:46 Wheelbarrow
26:39 Leather Archer Armor
29:14 Hand Cart
36:22 Imperial Age
35:02 Scale Mail Armor
35:13 Forging
35:05 Squires
34:51 Arson
36:20 Chain Mail Armor
38:40 Chemistry
37:42 Bracer
39:02 Ring Archer Armor
38:40 Thumb Ring
40:37 Plate Mail Armor
40:30 Conscription
41:35 Iron Casting
40:45 Elite Shotel Warrior
Connection lost

Rejoining the realm…

Still unreachable

The connection could not be restored.

Session expired

The server has moved on; the page needs a fresh start.